 Dungeon Crawl Stone Soup version 0.29-a0-1008-g949cc1d0fb (webtiles) character file.

Game seed: 14956735293015777804

513 porpoise the Ruffian (level 7, 0/90 HPs)
             Began as a Green Draconian Transmuter on Aug 8, 2022.
             Slain by a shadow imp (2 damage)
             ... summoned by Natasha
             ... on level 4 of the Dungeon.
             The game lasted 00:14:45 (3754 turns).

porpoise the Ruffian (Green Draconian Transmuter)   Turns: 3754, Time: 00:14:45

Health: 0/90       AC: 23    Str: 13    XL:     7   Next: 0%
Magic:  8/10       EV:  2    Int: 15    God:
Gold:   215        SH:  0    Dex: 11    Spells: 7/10 levels left

rFire   . . .      SeeInvis .   a - +2 whip (elec)
rCold   . . .      Faith    .   (no shield)
rNeg    . . .      Spirit   .   (body armour unavailable)
rPois   +          Reflect  .   (helmet currently unavailable)
rElec   .          Harm     .   (cloak currently unavailable)
rCorr   .          Rampage  .   (gloves currently unavailable)
Will    .....      NoTele   +   (boots currently unavailable)
Stlth   +.........              (no amulet)
HPRegen 0.25/turn               c - ring of poison resistance
MPRegen 0.12/turn               (no ring)

@: tree-form
A: stationary, stasis, torment immunity, boosted hp, (breathe noxious fumes), AC
+6, unfitting armour, (poison resistance), (cold-blooded)
a: no special abilities


You were on level 4 of the Dungeon.
You were a tree.
You visited 1 branch of the dungeon, and saw 4 of its levels.

You collected 329 gold pieces.
You spent 114 gold pieces at shops.

Inventory:

Hand Weapons
 a - a +2 whip of electrocution (weapon)
 b - a +0 sling
 p - a +0 quarterstaff
 w - a +1 spear of venom
Missiles
 l - 4 poisoned darts
 v - 2 boomerangs
Armour
 r - a +0 cloak (melded)
Magical Staves
 i - a staff of death
Jewellery
 c - a ring of poison resistance (left branch)
Scrolls
 d - 3 scrolls of immolation
 e - 3 scrolls of fear {unknown}
 f - a scroll of poison {unknown}
 g - a scroll of teleportation {unknown}
 s - a scroll of torment {unknown}
 u - a scroll of magic mapping
Potions
 h - 2 potions of lignification
 j - 3 potions of flight
 k - 3 potions of cancellation
 m - a potion of attraction {unknown}
 n - a potion of heal wounds {unknown}
 o - 4 potions of curing {unknown}
 q - a potion of brilliance {unknown}
 t - a potion of invisibility {unknown}


   Skills:
 + Level 4.6 Fighting
 - Level 1.7 Dodging
 + Level 5.2 Unarmed Combat
 - Level 2.0 Spellcasting
 + Level 4.6 Transmutations


You had 7 spell levels left.
You knew the following spells:

 Your Spells              Type           Power      Damage    Failure   Level
a - Beastly Appendage     Tmut           30%        N/A       3%          1
w - Wereblood             Tmut           15%        N/A       4%          2

Your spell library contained the following spells:

 Spells                   Type           Power      Damage    Failure   Level
 Passwall                 Tmut/Erth      6%         N/A       13%         2
 Spider Form              Tmut/Pois      8%         N/A       26%         3
 Ensorcelled Hibernation  Hex/Ice        2%         N/A       32%         2
 Ignite Poison            Fire/Tmut/Pois 6%         N/A       34%         3
 Conjure Flame            Conj/Fire      1%         6-21      54%         3
 Swiftness                Air            1%         N/A       54%         3
 Ice Form                 Ice/Tmut       8%         N/A       65%         4
 Sticky Flame             Conj/Fire      1%         2d3       91%         4


Dungeon Overview and Level Annotations

Branches:
Dungeon (4/15)
 Temple: D:4-7

Altars:
Nemelex Xobeh
Ru
Trog

Shops:
D:4 (?

Annotations:
D:4 2 runed translucent doors, Crazy Yiuf; Natasha; jujuben's ghost, amateur DrBr


Innate Abilities, Weirdness & Mutations

You are a tree.
Your roots penetrate the ground, keeping you stationary.
You cannot be teleported.
You are immune to unholy pain and torment.
Your maximum health is greatly increased.
Your equipment is partially melded.
((You can breathe blasts of noxious fumes.))
((Your lurid green scales are hard. (AC +6)))
You cannot fit into any form of body armour.
((Your system is resistant to poisons. (rPois)))
((You are cold-blooded and may be slowed by cold attacks.))


Message History

Natasha is heavily wounded.
Natasha claws you.
* * * LOW HITPOINT WARNING * * *
The crimson imp blinks!
The shadow imp gestures at you. Pain shoots through your body!
* * * LOW HITPOINT WARNING * * *
Unknown command.
Casting: Wereblood (safe; 4% risk of failure)
Confirm with . or Enter, or press ? or * to list all spells.
You extend your transformation's duration.
Natasha barely misses you. The shadow imp gestures at you.
Pain shoots through your body!
* * * LOW HITPOINT WARNING * * *
Okay, then.
Really quaff the potion of lignification?
Uppercase [Y]es or [N]o only, please.
Really quaff the potion of lignification?
Your horns disappear.
Your talons disappear.
You turn into a tree.
Your +0 cloak melds into your body.
Your roots penetrate the ground.
Natasha claws you!
* * * LOW HITPOINT WARNING * * *
The crimson imp blinks!
The shadow imp hits you but does no damage.
You closely miss Natasha.
Natasha is heavily wounded.
Natasha claws you but does no damage.
The shadow imp hits you but does no damage.
You closely miss Natasha.
Natasha is heavily wounded.
Natasha howls an incantation.
You feel disoriented. Natasha claws you but does no damage.
The shadow imp hits you but does no damage.
Natasha claws you but does no damage.
You hit Natasha.
Natasha is almost dead.
The shadow imp hits you.
You die...

.# ##..####
#.≈#
.######.......
#.≈#
...#..........
#~~#
..............
##~~#
....##........
##~~.#
....##..##..###
#~~~.#
....##..#
#..~.# ##~#.#
....###.#
#.~.h## ###.#
##### #.#
#.≈5.♣## #.# #
#.## ##≈#.5)##
#.#### #..#
####.### #.....
##.# ##..##
###..... #.#
###
##..####.......
#.####.##
##).##........
#.#.....##
##...#.......
#........##
##....#.....
##...###...##
##....#...#


You could see Natasha, a crimson imp (summoned) and a shadow imp (summoned).

Vanquished Creatures
  An ice beast (D:4)
  A phantom (D:4)
  A scorpion (D:4)
  3 iguanas (D:4)
  Natasha (D:4)
  2 orc wizards (D:4)
  4 gnolls (D:4)
  4 adders
  An ufetubus (D:4)
  A worm (D:4)
  A dart slug (D:1)
  6 orcs
  5 endoplasms
  3 giant cockroaches
  A hobgoblin (D:4)
  3 jackals (D:4)
  2 quokkas (D:1)
  6 ball pythons
  2 bats
  4 goblins (D:1)
  5 kobolds
  A rat (D:1)
58 creatures vanquished.

Vanquished Creatures (others)
  A wizard (D:3)
1 creature vanquished.

Grand Total: 59 creatures vanquished

Notes
Turn   | Place    | Note
-------+----------+-------------------------------------------
     0 | D:1      | porpoise the Draconian Transmuter began the quest for the
                  | Orb.
     0 | D:1      | Reached XP level 1. HP: 16/16 MP: 3/3
   416 | D:1      | Reached XP level 2. HP: 21/23 MP: 5/5
   477 | D:1      | Found a faded altar of an unknown god.
  1682 | D:3      | Reached XP level 3. HP: 27/29 MP: 4/6
  1685 | D:3      | Learned a level 2 spell: Wereblood
  1724 | D:3      | Found a bloodstained altar of Trog.
  1725 | D:3      | Noticed a wizard
  1731 | D:3      | Killed a wizard
  2184 | D:3      | Found a sacrificial altar of Ru.
  2350 | D:4      | Reached XP level 4. HP: 37/37 MP: 7/7
  2365 | D:4      | Reached skill level 4 in Unarmed Combat
  2384 | D:4      | Found Siczime's Magic Scroll Shoppe.
  2393 | D:4      | Bought a scroll of identify for 24 gold pieces
  2393 | D:4      | Bought a scroll of magic mapping for 90 gold pieces
  2456 | D:4      | Noticed a scorpion
  2460 | D:4      | Killed a scorpion
  2461 | D:4      | Reached XP level 5. HP: 44/45 MP: 6/8
  2602 | D:4      | Noticed jujuben's ghost (amateur DrBr)
  2605 | D:4      | Found a runed translucent door.
  3036 | D:4      | Found Humpikh's Firing Range.
  3070 | D:4      | Noticed an ice beast
  3083 | D:4      | Killed an ice beast
  3084 | D:4      | Reached XP level 6. HP: 27/52 MP: 7/9
  3366 | D:4      | Reached skill level 5 in Unarmed Combat
  3382 | D:4      | Noticed Natasha
  3393 | D:4      | Killed Natasha
  3619 | D:4      | Found a sparkling altar of Nemelex Xobeh.
  3638 | D:4      | Found a runed translucent door.
  3648 | D:4      | Noticed Crazy Yiuf
  3738 | D:4      | Noticed Natasha
  3744 | D:4      | Your scales start taking on a lurid green colour.
  3744 | D:4      | Reached XP level 7. HP: 26/60 MP: 8/10
  3744 | D:4      | Gained mutation: Your system is resistant to poisons.
                  | (rPois) [Green Draconian growth]
  3751 | D:4      | HP: 1/90 [Natasha (7)]
  3754 | D:4      | Slain by a shadow imp

Illustrated notes

Levels and vault maps discovered:
D:1:      onia_arrival_pyramid, layout_basic, hellmonk_ecumenical_altar_blasted,
          minmay_misc_feat_square
D:2:      layout_basic, lemuel_flame_loot_1
D:3:      layout_loops_cross, trog_wizard, mainiacjoe_overflow_tiny_flanked
D:4:      layout_cave_pods, nemelex_xobeh_ov_fountains_minmay, serial_shops,
          nicolae_shop_crystal, hellmonk_ghost_happy_afterlife, serial_rivers,
          chequers_serial_rivers_micro_b, chequers_serial_rivers_micro_b,
          chequers_serial_rivers_micro_c, chequers_serial_rivers_small_a,
          nicolae_shop_firing_range, uniq_crazy_yiuf_cottage, uniq_natasha

Skill      XL: |  1  2  3  4  5  6 |
---------------+-------------------+-----
Fighting       | 2 3 4 |  4.6
Transmutations | 3 4 |  4.6
Unarmed Combat | 4 5 |  5.2
Dodging        | |  1.7
Spellcasting   | |  2.0

Action                   |  1- 3 |  4- 6 |  7- 9 || total
-------------------------+-------+-------+-------++-------
Melee: Quarterstaff      |    34 |       |       ||    34
       Unarmed           |    13 |       |       ||    13
       Tailslap          |     9 |     9 |     1 ||    19
       Kick              |    13 |    15 |     2 ||    30
       Whip              |    25 |    77 |     8 ||   110
       Headbutt          |     2 |    11 |       ||    13
 Fire: Sling             |     1 |       |       ||     1
 Cast: Beastly Appendage |    15 |    14 |     1 ||    30
       Wereblood         |       |     2 |       ||     2
  Use: Scroll            |       |     2 |       ||     2
       Potion            |       |       |     1 ||     1
 Stab: Sleeping          |     2 |     1 |       ||     3
Armor: Skin              |    20 |    28 |     8 ||    56
Dodge: Dodged            |    39 |    41 |     4 ||    84

Table legend: (Time is in decaauts)
 A = Elapsed time spent in this place.
 B = Non-inter-level travel time spent in this place.
 C = Inter-level travel time spent in this place.
 D = Time resting spent in this place.
 E = Time spent auto-exploring this place.
 F = Levels seen in this place.
 G = Mean time per level.
                   A        B        C        D        E       F      G
               +--------+--------+--------+--------+--------+-----+--------+
         Total |   3779 |   3670 |    109 |    930 |   2113 |   4 |  944.8 |
       Dungeon |   3779 |   3670 |    109 |    930 |   2113 |   4 |  944.8 |
               +--------+--------+--------+--------+--------+-----+--------+

Top non-repeatable levels by time:
     D:4: 1438 daAuts
     D:3: 866 daAuts
     D:1: 850 daAuts
     D:2: 624 daAuts
